[Event "Superbet Rapid Poland 2022"]
[Site "Warsaw"]
[Date "2022.05.19"]
[Round "1.1"]
[White "So, Wesley"]
[Black "Korobov, Anton"]
[Result "1/2-1/2"]
[ECO "D12"]
[WhiteElo "2766"]
[BlackElo "2671"]
[Annotator "TA"]
[PlyCount "99"]
[EventDate "2022.05.19"]
[EventType "tourn"]
[EventCountry "POL"]
[SourceTitle "playchess.com"]
[Source "ChessBase"]
[SourceQuality "1"]
[TimeControl "1500+10"]

1. d4 Nf6 2. c4 c6 3. Nf3 d5 4. e3 Bf5 5. Nc3 e6 6. Nh4 Be4 7. f3 Bg6 8. Qb3 Qc7 9. cxd5 {[%emt 0:00:05] D12: Slav Defence: 3 Nf3 Nf6 4 e3 Bf5.} Nxd5 (9... cxd5 $11 10. Bd2 (10. Nxg6 hxg6 11. Bd3 Nc6 $11) 10... Nc6) 10. e4 $14 Nxc3 11. bxc3 {[%emt 0:00:03] White is slightly better.} Be7 12. Nxg6 hxg6 13. g3 Nd7 {[%emt 0:00:33][%cal Oh8h2] [#]} 14. Be3 $146 ({Predecessor:} 14. Kf2 e5 15. Be3 c5 16. dxe5 Nxe5 17. Qb5+ Nc6 18. Rb1 O-O-O 19. Bc4 Bd6 20. Kg2 {1-0 (52) So,W (2772)-Liang,A (2587) chess24.com INT 2021}) 14... O-O 15. Be2 c5 16. Kf2 e5 17. Rac1 Rac8 18. Rhd1 {[%emt 0:00:10] White is more active.} c4 19. Qb2 a6 20. a4 {[%emt 0:00:16] Prevents b5.} Rb8 21. dxe5 b5 22. f4 Nc5 23. Bxc5 Qxc5+ 24. Kf3 bxa4 25. Qa2 a3 26. Qxc4 Qb6 ({Much less strong is} 26... Rb2 27. Qxc5 Bxc5 28. Bc4 $16) (26... Qc8 $11) 27. Rb1 $1 Qxb1 28. Rxb1 Rxb1 29. Qxa6 ({White should play} 29. Kg4 $16) 29... Rb3 30. Bc4 Rxc3+ 31. Kg4 {[%emt 0:00:02] With the idea Bd5.} Rd8 (31... Rxc4 $1 $11 {keeps the balance.} 32. Qxc4 Ra8) 32. Kh3 ({Better is} 32. Bd5 $16) 32... Rxc4 $1 $11 {[%emt 0:03:22] The position is equal.} 33. Qxc4 {[%emt 0:00:03][%mdl 4096] Endgame KQ-KRB} Rd2 34. e6 f5 35. exf5 gxf5 36. Qc8+ Kh7 37. Qc3 a2 {[%emt 0:00:23] [#] Strongly threatening ...Rd5.} 38. Qa5 {[%emt 0:00:01] Prevents Rd5.} Kg6 39. g4 fxg4+ 40. Kxg4 {[%emt 0:00:01] Qh5+ would kill now. Really sharp!} Rg2+ 41. Kh3 Rc2 42. Kg4 {[%emt 0:00:42] [#] White threatens Qh5+ and mate.} Rxh2 43. Qe5 {[%emt 0:00:26] And now f5+ would win.} Kh6 44. Qa5 Bf6 45. e7 Bxe7 (45... Rh4+ $2 46. Kg3 Bxe7 47. Qxa2 $16) 46. Qa8 $1 {[%emt 0:00:11] aiming for Qh8+.} Kh7 {[%emt 0:01:05] Against Qh8+. White must now prevent ...Bf6.} (46... Bf6 47. Qh8+ Kg6 48. Qxh2 Bd8 49. Qxa2 Kf6 50. f5 Ke5 51. Qe6+ Kd4 52. Qd6+ Kc4 53. Qxd8) 47. Qe4+ $1 Kg8 (47... Kh6 $5 48. Qa8 Bh4 $11) 48. Qa8+ Kh7 {[%emt 0:00:42] Hoping for ...Bf6.} 49. Qe4+ $1 Kg8 (49... Kh6 $5 50. Qa8 Bh4 $11) 50. Qa8+ {[%emt 0:00:02] Weighted Error Value: White=0.09 (flawless) /Black=0.11 (very precise)} 1/2-1/2

[Event "Superbet Rapid Poland 2022"]
[Site "Warsaw"]
[Date "2022.05.19"]
[Round "1.2"]
[White "Anand, Viswanathan"]
[Black "Wojtaszek, Radoslaw"]
[Result "1-0"]
[ECO "C77"]
[WhiteElo "2751"]
[BlackElo "2696"]
[Annotator "TA"]
[PlyCount "71"]
[EventDate "2022.05.19"]
[EventType "tourn"]
[EventCountry "POL"]
[SourceTitle "playchess.com"]
[Source "ChessBase"]
[SourceQuality "1"]
[TimeControl "1500+10"]

1. e4 {[%emt 0:00:02] Havasi,G} e5 2. Nf3 Nc6 3. Bb5 a6 4. Ba4 Nf6 5. O-O Be7 6. d3 b5 7. Bb3 d6 8. a3 O-O 9. Nc3 Rb8 {[%emt 0:00:03] C77: Ruy Lopez: 3...a6 4 Ba4 Nf6, unusual lines.} 10. Be3 Na5 11. Ba2 c5 {[%emt 0:00:04] The position is equal.} 12. Nd5 {[%emt 0:00:18] [#]} Nxd5 $146 ({Predecessor:} 12... c4 13. Nxe7+ Qxe7 14. Qd2 Nc6 15. h3 Be6 16. b4 Rfc8 17. c3 cxd3 18. Qxd3 Bxa2 19. Rxa2 {0-1 (41) Leko,P (2708)-Carlsen,M (2850) Reykjavik 2015 CBM 170 [Havasi,G]}) 13. Bxd5 Bb7 14. b4 Bxd5 15. exd5 Nb7 16. Re1 f5 17. bxc5 dxc5 (17... f4 18. cxd6 fxe3 19. dxe7 exf2+ 20. Kxf2 Qxe7 21. Kg1 $16) 18. Nxe5 Qxd5 19. Bf4 Rbe8 ({Black should try} 19... Bf6 $11 20. Qf3 Qxf3 21. gxf3 g5) 20. c4 $1 $36 {[%emt 0:03:04][%mdl 2048] White has some pressure.} Qd4 21. Nc6 Qxf4 22. Nxe7+ Kh8 23. Ra2 (23. Re6 $5 Nd8 24. Nd5 $14) 23... Nd6 (23... bxc4 $11 {remains equal.} 24. Rae2 Rd8) 24. Rae2 $1 $16 {[%emt 0:00:27] Black must now prevent Re6.} Qg5 {[%emt 0:06:33] [#]} (24... Qd4 $142) 25. Re6 $1 {[%emt 0:03:25] And now Qe2 would win.} bxc4 26. g3 {[%emt 0:00:07] White is more active.} (26. Rxd6 $6 Rxe7 27. dxc4 Rxe1+ 28. Qxe1 Qf4 $14) 26... cxd3 {[%emt 0:05:31] [#] Hoping for ...d2.} 27. f4 (27. h4 $1 $18 {[%cal Rh4g5] is the precise move to win.} Qg4 28. Qxg4 fxg4 29. Rxd6) 27... Qg4 28. Qxg4 fxg4 29. Rxd6 c4 {[%emt 0:00:03] A mistake that costs the game.} (29... Rd8 $16 30. Rxa6 g6) 30. Rd4 $18 g6 31. Kf2 {[%emt 0:01:29] Threatens to win with Nc6.} ({Worse is} 31. Rxc4 d2 32. Rd1 Rxe7 33. Rxd2 Re3 $11) 31... Kg7 $2 (31... g5 32. Nc6 (32. Rxc4 d2 $11) 32... gxf4 33. gxf4 Rxe1 34. Kxe1 c3) 32. Nc6 {[%emt 0:00:18] White is clearly winning.} ({Stronger than} 32. Rxc4 d2 33. Rd1 Rxe7 $11) 32... g5 33. Rxc4 gxf4 34. gxf4 Rxe1 35. Kxe1 Rf6 36. Ne5 {[%emt 0:00:05][%csl LRd3,LRg4] Weighted Error Value: White=0.07 (flawless) /Black=0.36} 1-0

[Event "Superbet Rapid Poland 2022"]
[Site "Warsaw"]
[Date "2022.05.19"]
[Round "1.3"]
[White "Shevchenko, Kirill"]
[Black "Rapport, Richard"]
[Result "0-1"]
[ECO "C02"]
[WhiteElo "2644"]
[BlackElo "2776"]
[Annotator "TA"]
[PlyCount "62"]
[EventDate "2022.05.19"]
[EventType "tourn"]
[EventCountry "POL"]
[SourceTitle "playchess.com"]
[Source "ChessBase"]
[SourceQuality "1"]
[TimeControl "1500+10"]

1. e4 e6 2. d4 d5 3. e5 c5 4. c3 Bd7 5. Nf3 Nc6 6. Be2 Nge7 7. O-O Ng6 8. g3 f6 {[%emt 0:00:35] C02: French: Advance Variation.} 9. exf6 Qxf6 10. Be3 cxd4 {[%emt 0:00:08] White has an edge.} 11. Nxd4 Bd6 12. Nb5 Bb8 {[%emt 0:00:22] [#]} 13. c4 $146 ({Predecessor:} 13. f4 a6 14. Nd4 Ba7 15. Qd2 h5 16. Nxc6 Bxe3+ 17. Qxe3 Bxc6 18. f5 Ne5 19. Nd2 {½-½ (32) Giuliani,C (2225)-Vieth,M (2035) LSS email 2019}) 13... a6 (13... Qxb2 $2 14. N1c3 Qb4 15. cxd5 $18) 14. cxd5 exd5 15. N1c3 axb5 (15... Nge7 $5 ) 16. Nxd5 Qf7 {[%emt 0:01:28] Strongly threatening ...Be6.} (16... Qxb2 $2 17. Nb6 O-O 18. Nxa8 $18 (18. Qxd7 Nge5 $18)) 17. Bc5 (17. Nb6 $11 Ra6 18. Bxb5 Rxb6 19. Bxb6) 17... Be6 $1 $15 18. Re1 Be5 (18... Bxd5 19. Bc4+ Be5 20. Bxd5 $14) 19. Nb6 (19. Nb4 $1 $15 Nxb4 20. Bxb4) 19... Rd8 $17 20. Qc2 Nge7 (20... Bf5 21. Qc1 Be6 22. Bxb5 $15) 21. Bxb5 (21. Bxe7 $17 {was worth a try.} Bf5 22. Qc1 Qxe7 23. Bxb5) 21... O-O $1 $19 {[%emt 0:00:03] Threatens to win with ...Nd4.} 22. Rad1 (22. Bxe7 $2 Nd4 23. Qe4 Nf3+ 24. Kh1 Qxe7 $19) (22. Bc4) 22... Nd4 23. Rxd4 Bxd4 24. Rxe6 Bxc5 {[%emt 0:00:02][%mdl 64] Deflection} (24... Qxe6 25. Bc4 Bxf2+ 26. Bxf2 $17) 25. Qxc5 Rd1+ ({And not} 25... Qxe6 26. Bc4 Nd5 27. Bxd5 Rxd5 28. Nxd5 $17 (28. Qxd5 Qxd5 29. Nxd5 Rd8 $17)) 26. Kg2 Qf3+ $1 ({Stronger than} 26... Qxe6 27. Bc4 Nd5 28. Bxd5 Rxd5 29. Nxd5 $15 (29. Qxd5 Qxd5+ 30. Nxd5 Rd8 $17)) 27. Kh3 Nd5 {[%emt 0:00:17] ( -> ...Qh5+)} 28. Qc4 Nf4+ 29. Qxf4 Rxf4 30. Be2 {[%emt 0:00:01] [#]} Rh4+ $3 31. Kxh4 Rd4+ {[%emt 0:00:01] Weighted Error Value: White=0.61/Black=0.17 (very precise)} 0-1

[Event "Superbet Rapid Poland 2022"]
[Site "Warsaw"]
[Date "2022.05.19"]
[Round "1.4"]
[White "Aronian, Levon"]
[Black "Caruana, Fabiano"]
[Result "1-0"]
[ECO "C27"]
[WhiteElo "2765"]
[BlackElo "2786"]
[Annotator "TA"]
[PlyCount "89"]
[EventDate "2022.05.19"]
[EventType "tourn"]
[EventCountry "POL"]
[SourceTitle "playchess.com"]
[Source "ChessBase"]
[SourceQuality "1"]
[TimeControl "1500+10"]

1. e4 e5 2. Bc4 Nf6 3. d3 Bc5 4. Nc3 O-O 5. f4 exf4 6. Bxf4 {[%emt 0:00:14] C27: Vienna Game: 2...Nf6 3 Bc4 Nxe4.} c6 7. d4 $5 {[%emt 0:01:08][%mdl 4] An interesting side line.} Bb4 8. e5 {[%emt 0:00:06] The position is equal.} d5 9. Bd3 Ne4 10. Bxe4 dxe4 11. Nge2 Bg4 12. O-O Bxc3 13. bxc3 Qd5 {[%emt 0:00:10] [#]} 14. h3 $146 ({Predecessor:} 14. Qe1 Bh5 15. Ng3 Bg6 16. h4 f5 17. Bg5 Qe6 18. h5 Be8 19. Qf2 Nd7 20. Qf4 g6 21. Rf2 {1-0 (30) Kalata,P (2182)-Starzec,J (2051) Slovakia 2006}) 14... Bh5 15. g4 Bg6 16. h4 {[%emt 0:00:06] Strongly threatening h5.} e3 (16... Qe6 $11 {keeps the balance.}) 17. h5 $16 Be4 {[%emt 0:00:02] White must now prevent ...Bh1.} 18. Bxe3 ({White should try} 18. Ng3 $1) 18... Bf3 19. Qe1 Qe4 20. Nf4 Nd7 21. Qf2 Bxg4 22. Rae1 (22. Qg3 $16) 22... Be6 23. Qh2 (23. Kh2 $14) 23... Nb6 {[%emt 0:02:21] [#]} (23... h6 $11) 24. Bc1 $1 Qf5 25. Rf2 Bxa2 $2 (25... Kh8 $16) 26. h6 $18 {[%emt 0:00:26] Hoping for Nh5.} g6 {[%emt 0:01:16] Inhibits Nh5.} 27. Ba3 {[%emt 0:00:15] Active counter play!} Rfe8 {[%emt 0:00:30] [#]} (27... Qg4+ $142 28. Rg2 Qf3 29. Bxf8 Rxf8) 28. Nxg6 $1 {[%emt 0:00:08][%mdl 512] Chess con chili.} Qxg6+ 29. Rg2 Re6 30. Rxg6+ Rxg6+ {[%emt 0:00:01] [#]} 31. Kf2 $1 {[%emt 0:00:02] Threatens to win with Rg1.} Nd5 $2 (31... a5 $16 32. Rg1 Nd7) 32. Rg1 Nxc3 33. Rxg6+ hxg6 34. h7+ Kh8 35. Be7 Ne4+ 36. Ke3 Re8 {[%emt 0:00:05] [#]} 37. Qh6 $1 {[%emt 0:00:11] White threatens Bf8 and mate.} Rxe7 38. Qf8+ Kxh7 39. Qxe7 Nc3 40. Qxb7 Bd5 41. Kd3 c5 42. Qxa7 cxd4 43. Qxd4 {[%emt 0:00:02] White mates.} Na2 44. Kd2 Be6 45. Qa4 {[%emt 0:00:05] Weighted Error Value: White=0.08 (flawless) /Black=0.79} 1-0

[Event "Superbet Rapid Poland 2022"]
[Site "Warsaw"]
[Date "2022.05.19"]
[Round "1.5"]
[White "Duda, Jan-Krzysztof"]
[Black "Gavrilescu, David"]
[Result "1-0"]
[ECO "C13"]
[WhiteElo "2750"]
[BlackElo "2518"]
[Annotator "TA"]
[PlyCount "69"]
[EventDate "2022.05.19"]
[EventType "tourn"]
[EventCountry "POL"]
[SourceTitle "playchess.com"]
[Source "ChessBase"]
[SourceQuality "1"]
[TimeControl "1500+10"]

1. e4 e6 2. d4 d5 3. Nc3 Nf6 4. Bg5 dxe4 5. Nxe4 Be7 6. Bxf6 gxf6 7. Nf3 f5 8. Nc3 a6 {[%emt 0:00:11] C13: French: Classical System: 4 Bg5 Be7, Alekhine-Chatard Attack.} 9. Qe2 b5 10. O-O-O b4 {[%emt 0:00:19] The position is equal.} 11. Na4 Qd5 12. c4 Qa5 13. b3 Bd7 14. d5 $5 {[%emt 0:00:03][%mdl 4] A promising side line.} Bxa4 15. bxa4 Qxa4 {[%emt 0:04:44] [#] Strongly threatening ...b3.} 16. dxe6 {[%emt 0:00:03] [#]} b3 $146 ({Predecessor:} 16... Nc6 17. Qb2 O-O 18. exf7+ Rxf7 19. Qb3 Qxb3 20. axb3 Bc5 21. Kc2 Kh8 22. g3 Bxf2 {½-½ (31) Pineda,J (2334)-Saitou,A (2243) ICCF email 2016}) 17. exf7+ $1 ({Don't go for} 17. Qb2 $2 Ba3 18. axb3 Qxb3 19. Qxa3 Qxa3+ $19) 17... Kxf7 18. c5 $1 {[%emt 0:00:42] And now Qc4+ would win. Really sharp!} bxa2 ({Resist} 18... Qxa2 19. Qxa2 bxa2 20. Bc4+ Kg7 21. Bxa2 $16) ({Better is} 18... Qa3+ $1 $11 19. Qb2 Qxc5+ 20. Kb1 bxa2+ 21. Qxa2+ Kg7) 19. Qc4+ $14 Qxc4+ 20. Bxc4+ Kg7 21. Bxa2 {[%emt 0:00:12] Black must now prevent Nd4.} Bxc5 22. Rhe1 $36 {[%emt 0:02:14][%mdl 2048] Inhibits Re8. Hoping for Nd4. White fights for an advantage.} Rf8 {[%emt 0:05:13] [#] A mistake that costs the game.} ({Black should try} 22... a5 $14) 23. Ng5 $1 $18 {[%emt 0:01:03] Ne6+ is the strong threat.} Ba3+ 24. Kc2 Nc6 25. Ne6+ {[%emt 0:00:52][%mdl 64] Deflection, Double Attack} Kh8 26. Nxf8 Bxf8 27. Be6 Nb4+ 28. Kc3 Rb8 29. Rd7 Nd5+ 30. Kc2 ({Less strong is} 30. Rxd5 Bb4+ 31. Kd4 Bxe1 $14) 30... Nb4+ 31. Kd1 Nc6 $2 (31... Rb6 {was necessary.} 32. Bxf5 Rd6+ 33. Rxd6 Bxd6 34. Re8+ Kg7) 32. Bxf5 Bg7 33. Rxc7 Rd8+ 34. Bd7 Ne5 35. Rc8 {[%emt 0:00:03] Weighted Error Value: White=0.08 (flawless) /Black=0.27 (precise)} 1-0

[Event "Superbet Rapid Poland 2022"]
[Site "Warsaw"]
[Date "2022.05.19"]
[Round "2.1"]
[White "Korobov, Anton"]
[Black "Gavrilescu, David"]
[Result "1-0"]
[ECO "D38"]
[WhiteElo "2671"]
[BlackElo "2518"]
[Annotator "TA"]
[PlyCount "109"]
[EventDate "2022.05.19"]
[EventType "tourn"]
[EventCountry "POL"]
[SourceTitle "playchess.com"]
[Source "ChessBase"]
[SourceQuality "1"]
[TimeControl "1500+10"]

1. d4 d5 2. c4 e6 3. Nc3 Nf6 4. cxd5 exd5 5. Bg5 Bb4 6. e3 h6 7. Bxf6 Qxf6 8. Qa4+ Nc6 9. Nf3 O-O 10. Rc1 a6 {[%emt 0:00:19] D38: Queen's Gambit Declined: Ragozin Defence (4 Nf3 Bb4).} 11. a3 Bxc3+ 12. Rxc3 Qg6 {[%emt 0:00:46] The position is equal.} 13. Qd1 {[%emt 0:02:20] Against Qb1} Re8 14. h3 {[%emt 0:00:07] [#]} Bf5 $146 ({Predecessor:} 14... Qd6 15. Bd3 Ne7 16. Qc2 c6 17. O-O g6 18. Rb3 Rb8 19. Qc5 Qc7 20. Rc1 Be6 {1-0 (29) Laurusas,T (2506)-Brazdzionis,A (2317) Vilnius 2020}) 15. Nh4 Qf6 16. Nxf5 Qxf5 17. Bd3 Qd7 18. Qg4 Qxg4 19. hxg4 Nxd4 20. Rxc7 Ne6 21. Rc2 (21. Rxb7 $2 Nc5 22. Bxa6 Rxa6 $17) 21... d4 22. e4 Nf4 23. Kd2 Nxg2 24. Rc7 b5 25. Rh5 Nf4 26. Rf5 Ne6 27. Rcxf7 Ng5 28. Rc7 Nxe4+ 29. Kd1 Ng5 {[%emt 0:03:49] Against Rff7} 30. f4 Re3 {[%emt 0:05:15] [#]} (30... Ne6 $1 $14 31. Rc6 Nf8) 31. Bxb5 $1 $16 axb5 32. fxg5 {[%emt 0:00:02][%mdl 4096] Endgame Strongly threatening Rff7. KRR-KRR} b4 $2 {[%emt 0:00:06] [#]} (32... Rf8 $16) 33. Rff7 $1 $18 (33. axb4 Rg3 $16) 33... hxg5 34. Rxg7+ (34. axb4 g6 $16) 34... Kf8 35. Rh7 ({Worse is} 35. Rxg5 bxa3 36. bxa3 Rexa3 $11) ({Weaker is} 35. axb4 Ra1+ 36. Kc2 Rh1 $16) 35... Kg8 {[%emt 0:00:06] Against Rh8+} 36. Rcg7+ ({But not} 36. axb4 $6 Rb3) 36... Kf8 37. Rxg5 (37. Rb7 $18 Kg8 38. axb4) 37... Rae8 $2 (37... Ra4 $14) 38. Rh8+ Ke7 39. Rxe8+ Kxe8 {[%emt 0:00:02] KR-KR} 40. a4 (40. axb4 $18 {is the precise move to win. Hoping for Kc2.} Rb3 41. Re5+ Kf7 42. b5) 40... Rg3 41. a5 Rg2 $2 (41... Kd7 $16 42. Rg7+ Kc8) 42. a6 Rg1+ 43. Kc2 {[%emt 0:00:16] Ra5 would kill now.} Ra1 {[%emt 0:00:06] Against Ra5} 44. Rg6 Kf7 45. Rd6 d3+ 46. Kb3 Ke7 47. Rxd3 Rxa6 48. Rd4 Ke6 49. Kxb4 {[%emt 0:00:13] And now Kc5 would win.} Rb6+ 50. Kc3 Ke5 51. b4 Ra6 52. Rd8 {[%emt 0:00:39] White mates.} Rg6 53. b5 Rxg4 54. b6 Rg1 55. b7 {[%emt 0:00:12] Weighted Error Value: White=0.16 (very precise) /Black=0.52} 1-0

[Event "Superbet Rapid Poland 2022"]
[Site "Warsaw"]
[Date "2022.05.19"]
[Round "2.2"]
[White "Caruana, Fabiano"]
[Black "Duda, Jan-Krzysztof"]
[Result "1-0"]
[ECO "D35"]
[WhiteElo "2786"]
[BlackElo "2750"]
[Annotator "TA"]
[PlyCount "141"]
[EventDate "2022.05.19"]
[EventType "tourn"]
[EventCountry "POL"]
[SourceTitle "playchess.com"]
[Source "ChessBase"]
[SourceQuality "1"]
[TimeControl "1500+10"]

1. c4 e6 2. Nc3 d5 3. d4 Nf6 4. cxd5 exd5 5. Bg5 c6 6. e3 h6 7. Bh4 Bf5 8. Qf3 {[%emt 0:00:53] D35: Queen's Gambit Declined: Exchange Variation.} Bh7 {[%emt 0:00:03] Recently 8...Be6 got a lot of attention.} 9. Bxf6 Qxf6 10. Qxf6 {[%emt 0:00:02] White is slightly better.} gxf6 11. Kd2 Nd7 12. Bd3 Nb6 13. Bxh7 Rxh7 14. Nf3 Nc4+ 15. Kc2 f5 16. Ne2 Nd6 17. Ng3 Be7 {[%emt 0:03:27] Inhibits Nh4.} 18. Nh5 {[%emt 0:00:02] [#]} Ne4 $146 ({Predecessor:} 18... Kd7 19. Rhg1 Rg8 20. h3 Rhh8 21. Kd3 Ne4 22. Ke2 Ke8 23. Ne5 Bd6 24. g4 Bxe5 25. dxe5 fxg4 26. hxg4 {½-½ (46) Chandra,A (2464)-Rosen,E (2392) Saint Louis 2016}) 19. Raf1 O-O-O 20. h3 (20. Kd3 {feels hotter.} Kd7 21. Ne5+ Ke6 22. Nf4+) 20... Rg8 21. Rhg1 Rhh8 22. Ne5 {[%emt 0:02:16] Pair of Knights!} Nd6 23. Kd3 a5 24. a4 Kc7 25. Ke2 (25. Rc1 {looks sharper.} Ne4 26. Ke2 Rh7 27. Nd3) 25... Rf8 26. g4 fxg4 27. hxg4 Rhg8 28. Nf4 {[%emt 0:03:30] White is more active.} Bg5 29. Nfd3 Re8 30. b3 Rg7 31. Rh1 Ne4 {[%emt 0:00:58] ...f6 is the strong threat.} 32. Rh3 f6 33. Nf3 Nxf2 34. Nxf2 Bxe3 (34... Rxe3+ $14 35. Kd1 Rge7) 35. Kd3 $16 Rge7 36. Nd1 Bf4 37. Rhh1 Re4 38. Nc3 {[%emt 0:00:32] aiming for Nh4.} Re3+ 39. Kc2 {[%emt 0:00:02] Threatens to win with Nh4.} Rg8 40. Rhg1 Bd6 41. Ne1 Rg6 42. Nd3 Rh3 43. Nf4 (43. Nd1 $18) 43... Rh2+ 44. Kd3 Rg8 ({Black should play} 44... Bxf4 45. Rxf4 Rh3+ 46. Kc2 Rh2+ 47. Kc1 h5) 45. Nce2 ({Much less strong is} 45. Ne6+ Kd7 $16) 45... Kb6 46. Rg2 Rxg2 47. Nxg2 Rxg4 48. Ne3 Rg6 49. Rh1 Ka7 50. Rh3 Ka6 51. Nf5 Bf8 52. Rg3 Rg5 53. Rxg5 (53. Rf3 $16) 53... fxg5 $14 {[%emt 0:00:02] [#]} 54. Neg3 $1 b5 {[%emt 0:00:06] [#]} 55. Ne3 ({White should try} 55. Nh5 $1 $16) 55... Kb6 56. Nh5 Be7 57. Nf5 Bf8 {[%emt 0:00:02] Black cannot hold the game after this.} (57... Ba3 $1 $14) 58. Nf6 $18 {[%emt 0:00:04] Black must now prevent Nd7+.} Ka6 $2 (58... Kc7 {was necessary.} 59. Nh7 Ba3 60. Nxh6 c5) 59. Nd7 Ba3 60. Nxh6 Bc1 61. Ng4 Kb7 62. Ngf6 Kc7 63. Nc5 Kb6 (63... Ba3 $142 64. Ne6+ Kb7) 64. Ne6 Ka6 65. Kc2 Be3 $2 (65... Ba3 66. Ng4 Be7) 66. Ng4 Bf4 67. Nxf4 {[%emt 0:00:07] White mates.} gxf4 68. Ne5 bxa4 69. bxa4 Kb6 70. Kd3 Kc7 71. Ke2 {[%emt 0:00:06] Weighted Error Value: White=0.11 (very precise) /Black=0.17 (very precise)} 1-0

[Event "Superbet Rapid Poland 2022"]
[Site "Warsaw"]
[Date "2022.05.19"]
[Round "2.3"]
[White "Rapport, Richard"]
[Black "Aronian, Levon"]
[Result "1/2-1/2"]
[ECO "B50"]
[WhiteElo "2776"]
[BlackElo "2765"]
[Annotator "TA"]
[PlyCount "96"]
[EventDate "2022.05.19"]
[EventType "tourn"]
[EventCountry "POL"]
[SourceTitle "playchess.com"]
[Source "ChessBase"]
[SourceQuality "1"]
[TimeControl "1500+10"]

1. e4 c5 2. Nf3 d6 3. Bc4 Nc6 4. O-O Nf6 5. d3 a6 6. Bb3 {[%emt 0:00:58] [#] B50: Sicilian: 2...d6, Miscellaneous.} h6 $146 ({Predecessor:} 6... Na5 7. e5 dxe5 8. Nxe5 e6 9. Bd2 Nxb3 10. axb3 Bd6 11. Nc4 Bc7 12. Qf3 Nd5 13. Nc3 {0-1 (28) Lobzhanidze,D (2453)-Gharamian,T (2651) Germany 2014}) 7. c3 Bg4 8. Nbd2 e6 9. h3 Bh5 10. g4 Bg6 11. Nh4 Bh7 12. Ng2 d5 13. Qe2 Be7 14. Bc2 g5 15. f4 gxf4 16. Nxf4 Qc7 17. exd5 exd5 18. Nb3 O-O-O $1 19. d4 ({Better is} 19. Ng2 $15) 19... Bxc2 ({Black should play} 19... c4 $17 20. Bxh7 Rxh7) 20. Qxc2 $15 h5 21. Qf5+ (21. dxc5 hxg4 22. Qf5+ Rd7 23. hxg4 Rh4 $19) (21. Nxc5 Bxc5 22. Qf5+ (22. dxc5 hxg4 23. Qf5+ Nd7 $17) 22... Nd7 23. dxc5 hxg4 $17) 21... Kb8 {[%emt 0:00:59] [#] White must now prevent ...hxg4.} 22. Ng2 {[%emt 0:03:36] aiming for Bf4.} Ka8 (22... hxg4 $2 23. Bf4 Bd6 24. Qxf6 $18) 23. Bf4 Qb6 24. dxc5 (24. Nxc5 hxg4 25. hxg4 Qxb2 $19) 24... Qb5 {[%emt 0:00:01] ...hxg4 is the strong threat.} 25. g5 Ne4 26. Rad1 $36 {[%emt 0:00:04][%mdl 2048] White has the initiative.} Rhg8 27. h4 (27. Qxf7 $2 Bxg5 28. Rde1 Bxf4 29. Qxf4 Qa4 $19) 27... f6 $2 (27... Bxc5+ $11 {and Black stays safe.} 28. Nxc5 Qxc5+ 29. Kh2 Rgf8) 28. Rxd5 $18 fxg5 {[%emt 0:00:20] Threatens to win with ...Rxd5.} 29. Rxd8+ (29. Qxe4 gxf4 30. Rxf4 (30. Rxh5 Rde8 $17) 30... Rdf8 $11) (29. hxg5 $6 Rxd5 30. Qxd5 Bxc5+ 31. Nxc5 Qxc5+ 32. Qxc5 Nxc5 $16) 29... Rxd8 30. Bc7 ({Stronger than} 30. Qxe4 gxf4 31. Rxf4 (31. Qxf4 Rg8 $11) 31... Bxc5+ 32. Nxc5 Rd1+ 33. Kh2 (33. Kf2 Qxc5+ 34. Ke2 Qd6 $11) 33... Qxc5 $11) ({Much less strong is} 30. hxg5 Bxc5+ 31. Nxc5 Qxc5+ 32. Qxc5 Nxc5 $18) 30... Re8 (30... Rf8 $2 31. Qxf8+ Bxf8 32. Rxf8+ Ka7 33. Bb6+ Qxb6 34. cxb6+ $18) 31. Re1 Nxc5 32. Bd6 $2 Nd3 $11 33. Qxb5 axb5 34. Re3 {[%emt 0:01:50] Strongly threatening Bxe7.} Nxb2 {[%emt 0:00:02] Hoping for ...Nc4.} 35. Bxe7 {[%emt 0:00:05][%mdl 64] [#] Remove Defender} (35. Nd4 {is more complex.} Nc4 36. Nxc6 Nxe3 37. Nxe7 Nc4 38. Bb4) 35... Rxe7 36. Rxe7 Nxe7 {[%emt 0:00:02] The position is equal.} 37. hxg5 {[%emt 0:00:03][%mdl 4096] Endgame KNN-KNN} Nd1 38. Nf4 Nxc3 39. g6 Nxg6 40. Nxg6 Nxa2 41. Nf4 Nb4 42. Nxh5 Na6 43. Nf6 b6 44. Nd4 Kb7 45. Nxb5 Kc6 46. Na7+ Kb7 47. Nd7 Kxa7 48. Nxb6 Kxb6 {[%emt 0:12:34] Blacks defense is rewarded with a draw.  Weighted Error Value: White=0.14 (very precise) /Black=0.15 (very precise)} 1/2-1/2